 Dungeon Crawl Stone Soup version 0.19.0-18-g426998a (webtiles) character file.

9841 Mesmaeker13 the Carver (level 11, 0/81 HPs)
             Began as a Vampire Skald on Nov 11, 2016.
             Was a Follower of Ashenzari.
             Slain by a blink frog (12 damage)
             ... on level 2 of the Lair of Beasts.
             The game lasted 00:36:05 (11441 turns).

Mesmaeker13 the Carver (Vampire Skald)             Turns: 11441, Time: 00:36:06

Health: 0/81       AC:  7    Str: 12    XL:     11   Next: 28%
Magic:  15/24      EV: 16    Int: 17    God:    Ashenzari [*.....]
Gold:   501        SH:  5    Dex: 14    Spells: 5 memorised, 5 levels left

rFire  . . .     SeeInvis +     w - +3 falchion (slice)
rCold  . . .     Gourm    .     b - +0 leather armour
rNeg   + . .     Faith    .     d - +0 buckler
rPois  .         Spirit   .     j - +0 helmet {SInv}
rElec  .         Reflect  .     g - +1 cloak (curse)
rCorr  .         Harm     .     (no gloves)
MR     +....                    y - +0 pair of boots (curse)
Stlth  +.........               (no amulet)
                                I - +4 ring of slaying (curse)
                                k - ring of magical power

@: infused (expiring)
A: fangs 3, see invisible, unbreathing
a: Bat Form, Curse Item, Scrying, Renounce Religion


You were on level 2 of the Lair of Beasts.
You worshipped Ashenzari.
Ashenzari was aware of your devotion.
You were not thirsty.

You visited 3 branches of the dungeon, and saw 13 of its levels.
You also visited: Sewer and Ossuary.

You collected 663 gold pieces.
You spent 162 gold pieces at shops.

Inventory:

Hand Weapons
 w - a +3 falchion of slicing (weapon)
 K - a cursed +0 long sword
Missiles
 C - 34 poisoned needles
Armour
 b - a +0 leather armour (worn)
 d - a +0 buckler (worn)
 g - a cursed +1 cloak (worn)
 j - a +0 helmet of see invisible (worn)
 y - a cursed +0 pair of boots (worn)
Jewellery
 k - a ring of magical power (left hand)
 D - an uncursed amulet of harm
 F - an uncursed ring of wizardry
 I - a cursed +4 ring of slaying (right hand)
Wands
 M - a wand of teleportation (6/9)
 V - a wand of disintegration (11/24)
Scrolls
 l - 3 scrolls of fog {unknown}
 m - 7 scrolls of teleportation
 q - 4 scrolls of remove curse
 s - 5 scrolls of amnesia
 t - a scroll of immolation {unknown}
 u - 4 scrolls of magic mapping
 v - 3 scrolls of recharging {unknown}
 z - a scroll of blinking {unknown}
 A - 2 scrolls of fear
 B - 2 scrolls of enchant weapon
 H - a scroll of enchant armour
 L - 2 scrolls of noise {unknown}
 O - a scroll of acquirement {unknown}
 T - a scroll of identify
 U - a scroll of silence {unknown}
 W - a scroll of vulnerability {unknown}
Potions
 a - 3 potions of might
 e - 7 potions of curing
 f - 3 potions of brilliance
 h - 3 potions of berserk rage
 i - 5 potions of invisibility
 o - 6 potions of flight
 p - 4 potions of agility
 r - a potion of degeneration {unknown}
 x - 2 potions of mutation {unknown}
 E - a potion of beneficial mutation {unknown}
 G - a potion of resistance {unknown}
 J - 8 potions of blood
 N - a potion of haste {unknown}
 P - 3 potions of ambrosia {unknown}
 R - a potion of heal wounds
 X - 2 potions of magic {unknown}
Books
 c - a book of Battle

   Spells                             Type                      Level
   a - Infusion                       Charms                       1
   b - Shroud of Golubria             Charms/Translocation         2
   c - Song of Slaying                Charms                       2
   d - Spectral Weapon                Hexes/Charms                 3
   e - Regeneration                   Charms/Necromancy            3
 n - a book of Air

   Spells                             Type                      Level
   a - Shock                          Conjuration/Air              1
   b - Swiftness                      Charms/Air                   2
   c - Repel Missiles                 Charms/Air                   2
   d - Static Discharge               Conjuration/Air              3
   e - Lightning Bolt                 Conjuration/Air              5
 Q - a book of Frost

   Spells                             Type                      Level
   a - Freeze                         Ice                          1
   b - Throw Frost                    Conjuration/Ice              2
   c - Ozocubu's Armour               Charms/Ice                   3
   d - Throw Icicle                   Conjuration/Ice              4
   e - Summon Ice Beast               Ice/Summoning                4
Miscellaneous
 S - a crystal ball of energy


   Skills:
 + Level 5.8 Fighting
 + Level 9.1 Long Blades
 - Level 0.7 Armour
 + Level 7.7 Dodging
 - Level 5.6 Shields
 - Level 3.0 Spellcasting
 - Level 7.0 Hexes
 + Level 7.6 Charms
 + Level 2.2 Necromancy
 - Level 5.0 Translocations


You had 5 spell levels left.
You knew the following spells:

 Your Spells              Type           Power        Failure   Level  Hunger
a - Infusion              Chrm           ####         1%          1    None
b - Song of Slaying       Chrm           ####....     1%          2    ##.....
c - Shroud of Golubria    Chrm/Tloc      ###.......   2%          2    ##.....
d - Spectral Weapon       Hex/Chrm       ####....     3%          3    ###....
e - Regeneration          Chrm/Necr      ###.......   12%         3    ###....


Dungeon Overview and Level Annotations

Branches:
Dungeon (10/15)            Temple (1/1) D:5            Lair (2/6) D:9
  Snake (0/4) Lair:2
  Swamp: Lair:2-4    Shoals: Lair:2-4       Orc: D:9-12

Altars:
Ashenzari
Cheibriados
Dithmenos
Elyvilon
Fedhas
Gozag
Hepliaklqana
Kikubaaqudgha
Makhleb
Nemelex Xobeh
Okawaru
Qazlal
Ru
Sif Muna
Trog
Uskayaw
Vehumet
Xom
Yredelemnul
Zin
The Shining One

Shops:
D:4 !(!?   D:6 (

Portals:
Labyrinth: Lair:2

Annotations:
D:10 Joseph


Innate Abilities, Weirdness & Mutations

You have razor-sharp teeth.
You have supernaturally acute eyesight. (SInv)
You can survive without breathing.


Message History

The blink frog blinks! x2
One of your 9 potions of blood rots away.
The blink frog blinks!
The blink frog barely misses you.
You slash the blink frog!!
The blink frog is severely wounded.
Your magical infusion is running out.
The blink frog completely misses you.
You riposte.
You miss the blink frog.
The blink frog is severely wounded.
You barely miss the blink frog.
The blink frog is severely wounded.
You block the blink frog's attack.
You miss the blink frog. Your bite misses the blink frog.
The blink frog is severely wounded.
The blink frog hits you!
* * * LOW HITPOINT WARNING * * *
You miss the blink frog.
The blink frog is severely wounded.
The blink frog hits you!
You die...

#.######### #### ## ##
####...##.PP###P.##.##..
........................
......................#
............F........#
.P.......P......#....#
.###.................##
..##..................#
.............†.F@....##
.###....#.......#....#
.# #....###P....#....#
.##........P..........#
..P...................#
........................
........................
........................
........#.+##.#........


You could see 2 blink frogs.

Vanquished Creatures
  The ghost of Vajrapani the Basher, a novice GrBe of Trog (D:6)
  A black mamba (Lair:1)
  3 spiny frogs
  A gargoyle (D:10)
  A komodo dragon (Lair:1)
  A troll (D:9)
  A hornet (D:9)
  6 blink frogs
  3 hippogriffs
  A spriggan (D:7)
  9 yaks
  A hungry ghost (D:7)
  Menkaure (D:4)
  4 water moccasins
  3 porcupines
  A black bear (D:6)
  A phantom (D:4)
  An ice beast (D:8)
  2 ogres
  3 wolves (Lair:2)
  2 centaurs
  A necrophage (D:9)
  A crocodile (Lair:1)
  Blork the orc (D:4)
  6 bullfrogs
  A gnoll sergeant (D:7)
  2 scorpions
  A water moccasin zombie (Ossuary)
  5 wights (D:9)
  A crimson imp (D:4)
  A bullfrog zombie (D:9)
  2 orc priests (D:9)
  6 orc wizards
  5 hounds
  5 jellies
  Crazy Yiuf (D:4)
  2 centaur skeletons (D:10)
  Ijyb (D:2)
  6 worker ants
  A big kobold zombie (Ossuary)
  2 hound zombies (D:9)
  2 mummies (Ossuary)
  9 gnolls
  7 adders
  3 shadow imps
  6 oozes
  An adder zombie (Ossuary)
  11 dart slugs
  10 worms
  8 leopard geckos
  11 orcs
  3 ball pythons
  9 giant cockroaches
  4 gnoll zombies (Ossuary)
  15 goblins
  7 hobgoblins
  11 jackals
  2 quokkas
  15 bats
  10 frilled lizards
  5 hobgoblin zombies (Ossuary)
  A jackal skeleton (D:7)
  8 kobolds
  6 kobold zombies (Ossuary)
  3 orc zombies (Ossuary)
  A quokka skeleton (D:9)
  A quokka zombie (D:7)
  13 rats
280 creatures vanquished.

Vanquished Creatures (collateral kills)
  A centaur (D:9)
1 creature vanquished.

Vanquished Creatures (others)
  4 fungi
  2 plants
  A spectral weapon (Lair:2)
7 creatures vanquished.

Grand Total: 288 creatures vanquished

Notes
Turn   | Place    | Note
-------+----------+-------------------------------------------
     0 | D:1      | Mesmaeker13 the Vampire Skald began the quest for the Orb.
     0 | D:1      | Reached XP level 1. HP: 16/16 MP: 3/3
   419 | D:1      | Reached XP level 2. HP: 22/22 MP: 5/5
   906 | D:2      | Reached XP level 3. HP: 27/27 MP: 6/6
   926 | D:2      | Noticed Ijyb
   951 | D:2      | Killed Ijyb
  1222 | D:2      | Learned a level 2 spell: Song of Slaying
  1223 | D:2      | Reached XP level 4. HP: 31/33 MP: 7/7
  1842 | D:2      | Reached skill level 3 in Long Blades
  2097 | D:2      | Reached XP level 5. HP: 38/38 MP: 9/9
  2634 | D:3      | Found a stormy altar of Qazlal.
  3066 | D:3      | Found a shimmering altar of Xom.
  3068 | D:3      | Found a shattered altar of Ashenzari.
  3068 | D:3      | Found a radiant altar of Vehumet.
  3074 | D:3      | Found a hazy altar of Hepliaklqana.
  3074 | D:3      | Found a hide-covered altar of Uskayaw.
  3074 | D:3      | Found a hide-covered altar of Uskayaw.
  3143 | D:4      | Learned a level 2 spell: Shroud of Golubria
  3163 | D:4      | Noticed Menkaure
  3173 | D:4      | Killed Menkaure
  3173 | D:4      | Reached XP level 6. HP: 44/44 MP: 10/10
  3247 | D:4      | Found Haru's Weapon Boutique.
  3275 | D:4      | Reached skill level 4 in Long Blades
  3275 | D:4      | Reached skill level 5 in Charms
  3301 | D:4      | Found a sparkling altar of Nemelex Xobeh.
  3775 | D:4      | Found Nedum's Distillery.
  3783 | D:4      | Bought a potion of curing for 30 gold pieces
  3783 | D:4      | Bought a potion of heal wounds for 50 gold pieces
  3795 | D:4      | Found a runed door.
  3804 | D:4      | Bought a potion of agility for 40 gold pieces
  3968 | D:4      | Noticed Blork the orc
  3997 | D:4      | Killed Blork the orc
  3997 | D:4      | Reached XP level 7. HP: 38/49 MP: 11/11
  4202 | D:4      | Found Zoczostre's Distillery.
  4222 | D:4      | Found Fipoucarr's Magic Scroll Shoppe.
  4230 | D:4      | Bought a scroll of teleportation for 42 gold pieces
  4278 | D:4      | Reached skill level 5 in Dodging
  4301 | D:4      | Noticed Crazy Yiuf
  4306 | D:4      | Killed Crazy Yiuf
  4353 | D:5      | Entered Level 5 of the Dungeon
  4377 | D:5      | Found a glowing drain.
  4409 | Sewer    | Entered a sewer
  4931 | D:5      | Reached skill level 5 in Long Blades
  4994 | D:5      | Found an opulent altar of Gozag.
  5141 | D:5      | Found a staircase to the Ecumenical Temple.
  5187 | Temple   | Entered the Ecumenical Temple
  5282 | Temple   | Became a worshipper of Ashenzari the Shackled
  5402 | D:6      | Noticed Vajrapani's ghost (novice GrBe)
  5500 | D:6      | Reached XP level 8. HP: 55/55 MP: 12/12
  5525 | D:6      | Found Xiumnely's Weapon Emporium.
  5528 | D:6      | Found a sand-covered staircase.
  5538 | Ossuary  | Entered an ossuary
  5815 | Ossuary  | Reached skill level 1 in Shields
  6474 | D:7      | Reached skill level 6 in Long Blades
  6817 | D:8      | Noticed a hippogriff
  6829 | D:8      | Killed a hippogriff
  6833 | D:8      | Reached XP level 9. HP: 27/61 MP: 12/13
  6868 | D:8      | Reached * piety under Ashenzari
  6873 | D:8      | Found a white marble altar of Elyvilon.
  6891 | D:8      | Reached skill level 1 in Translocations
  7290 | D:9      | Found a staircase to the Lair.
  7376 | D:9      | Found a basalt altar of Yredelemnul.
  7474 | D:9      | Reached skill level 7 in Long Blades
  7479 | D:9      | Learned a level 3 spell: Spectral Weapon
  7525 | D:9      | Found a burning altar of Makhleb.
  7527 | D:9      | Found a sacrificial altar of Ru.
  7600 | D:9      | Noticed a troll
  7890 | D:9      | Reached skill level 1 in Hexes
  7900 | D:9      | Killed a troll
  8223 | D:10     | Entered Level 10 of the Dungeon
  8318 | D:10     | Noticed a gargoyle
  8339 | D:10     | Killed a gargoyle
  8601 | D:10     | Noticed Joseph
  9196 | D:6      | Killed Vajrapani's ghost
  9196 | D:6      | Reached XP level 10. HP: 28/72 MP: 14/14
  9809 | Lair:1   | Entered Level 1 of the Lair of Beasts
  9915 | D:9      | Reached skill level 8 in Long Blades
  9917 | D:9      | Reached skill level 5 in Hexes
  9928 | D:9      | Reached skill level 5 in Shields
 10359 | Lair:1   | Reached skill level 5 in Fighting
 10602 | Lair:1   | Noticed a black mamba
 10614 | Lair:1   | Killed a black mamba
 10669 | Lair:1   | Noticed a spiny frog
 10680 | Lair:1   | Killed a spiny frog
 10906 | Lair:1   | Reached XP level 11. HP: 43/80 MP: 7/15
 11166 | Lair:1   | Learned a level 3 spell: Regeneration
 11201 | Lair:2   | Reached skill level 5 in Translocations
 11280 | Lair:2   | Found a labyrinth entrance.
 11308 | Lair:2   | Reached skill level 1 in Necromancy
 11339 | Lair:2   | Found a staircase to the Snake Pit.
 11384 | Lair:2   | Reached skill level 9 in Long Blades
 11441 | Lair:2   | Slain by a blink frog

Skill      XL: |  1  2  3  4  5  6  7  8  9 10 11 |
---------------+----------------------------------+-----
Dodging        | 2 3 4 5 7 |  7.7
Charms         | 4 5 6 7 |  7.6
Long Blades    | 3 4 5 6 7 8 9 |  9.1
Spellcasting   | 3 |  3.0
Shields        | 2 4 5 |  5.6
Fighting       | 2 4 5 |  5.8
Translocations | 3 4 5 |  5.0
Hexes          | 4 6 7 |  7.0
Necromancy     | 2 |  2.2
Armour         | |  0.7

Action                   |  1- 3 |  4- 6 |  7- 9 | 10-12 || total
-------------------------+-------+-------+-------+-------++-------
Melee: Falchion          |    74 |   199 |   390 |   183 ||   846
       Bite              |     9 |    23 |    42 |    14 ||    88
 Cast: Infusion          |     5 |    22 |    26 |    12 ||    65
       Song of Slaying   |     1 |     1 |     7 |       ||     9
       Shroud of Golubri |       |     1 |     9 |    15 ||    25
       Spectral Weapon   |       |       |     1 |     1 ||     2
Invok: Curse Item        |       |       |     3 |       ||     3
       Scrying           |       |       |       |     1 ||     1
 Abil: End Transformatio |       |       |     5 |       ||     5
       Bat Form          |       |       |     5 |       ||     5
Evoke: Wand              |       |     4 |     1 |       ||     5
  Use: Scroll            |       |    12 |     6 |     2 ||    20
       Potion            |       |     2 |    16 |     1 ||    19
 Stab: Sleeping          |     3 |     1 |    10 |     1 ||    15
  Eat: Corpse            |     1 |     5 |    10 |    10 ||    26
Armor: Leather armour    |    27 |    50 |    89 |    28 ||   194
Dodge: Dodged            |    43 |   129 |   279 |   120 ||   571
Block: Buckler           |       |       |    51 |    47 ||    98
       Rpst.: Falchion   |    16 |    34 |    87 |    35 ||   172
